 Dungeon Sprint DCSS version 0.19.1-1-g22dce08 (webtiles) character file.

17878 dvd the Fencer (level 12, -22/111 HPs)
             Began as a Demonspawn Berserker on Jan 4, 2017.
             Was the Champion of Trog.
             Killed from afar by an ice dragon (51 damage)
             ... with a blast of cold
             ... in the Dungeon (Sprint III: "The Ten Rune Challenge").
             The game lasted 00:23:45 (5463 turns).

dvd the Fencer (Demonspawn Berserker)               Turns: 5463, Time: 00:23:46

Health: -22/111    AC: 12    Str: 21    XL:     12   Next: 22%
Magic:  12/12      EV: 15    Int: 10    God:    Trog [******]
Gold:   3699       SH:  0    Dex: 15    Spells: 0 memorised, 11 levels left

rFire  + . .     SeeInvis .     a - +5 great sword (slice)
rCold  . . .     Gourm    .     j - +0 scale mail
rNeg   . . .     Faith    .     (shield currently unavailable)
rPois  .         Spirit   .     G - +2 hat
rElec  +         Reflect  .     o - +0 cloak
rCorr  .         Harm     .     (no gloves)
MR     .....     NoTele   +     (no boots)
Stlth  ++++......               (no amulet)
                                (no ring)
                                (no ring)

@: exhausted, very slightly contaminated, slowed, very slow
A: talons 1, thin skeletal structure 2, clumsy 1, fire resistance 1,
nightstalker 1, sense surroundings 1, electricity resistance, wild magic 1,
flame cloud immunity
a: Berserk, Trog's Hand, Brothers in Arms, Burn Spellbooks, Renounce Religion


You were in the Dungeon.
You worshipped Trog.
Trog was exalted by your worship.
You were hungry.

You visited 1 branch You collected 3933 gold pieces.
You spent 234 gold pieces at shops.

Inventory:

Hand Weapons
 a - a +5 great sword of slicing (weapon)
 b - a +4 antimagic battleaxe
 l - a +2 dagger of freezing
 q - a +2 antimagic dagger
 s - the +6 rapier "Umenwo" {freeze, rF+ MR+ Int+4 Dex-3}
   (You bought it in a shop in the Dungeon)

   It has been specially enchanted to freeze those struck by it, causing extra
   injury to most foes and up to half again as much damage against particularly
   susceptible opponents.
   It can also slow down cold-blooded creatures.
   It affects your intelligence (+4).
   It affects your dexterity (-3).
   It protects you from fire.
   It affects your resistance to hostile enchantments.
 x - a +1 dagger of draining
 y - a +4 broad axe of freezing
 A - a +0 dagger of venom
 B - a +1 flail of crushing
 C - a +4 quarterstaff of protection
 D - a +1 battleaxe of chopping
 E - a +3 rapier of venom
 F - a +3 halberd of chopping
 J - a +2 longbow of freezing
 K - a +2 rapier of flaming
Missiles
 n - 4 poisoned tomahawks (quivered)
 H - 5 poisoned javelins
Armour
 j - a +0 scale mail (worn)
 m - a +2 robe of fire resistance
 o - a +0 cloak (worn)
 G - a +2 hat (worn)
Wands
 N - a wand of acid (6/15)
 P - a wand of disintegration (12/24)
Scrolls
 i - a scroll of blinking
 k - a scroll of immolation
 p - 3 scrolls of identify
 v - 4 scrolls of remove curse
Potions
 d - a potion of curing
 e - a potion of heal wounds
 f - 2 potions of haste
 g - 2 potions of magic
 h - a potion of berserk rage
 t - 4 potions of flight
 w - 2 potions of cure mutation
 I - a potion of brilliance
Comestibles
 c - a bread ration
 r - 10 fruits
 u - 3 chunks of flesh
 z - a slice of pizza


   Skills:
 + Level 15.8 Fighting
 + Level 10.2(14.4) Short Blades
 + Level 16.3(17.2) Long Blades
 + Level 3.2 Throwing
 + Level 11.9 Armour
 + Level 8.3 Dodging
 + Level 7.4 Stealth


You had 11 spell levels left.
You didn't know any spells.

Dungeon Overview and Level Annotations

Branches:
Dungeon (1/1)

Altars:
Cheibriados
Dithmenos
Elyvilon
Fedhas
Gozag
Hepliaklqana
Kikubaaqudgha
Makhleb
Nemelex Xobeh
Okawaru
Qazlal
Ru
Sif Muna
Trog
Uskayaw
Vehumet
Xom
Yredelemnul
Zin
The Shining One
Beogh
Jiyva
Lugonu

Shops:
D (


Innate Abilities, Weirdness & Mutations

You have sharp toenails.
You have a moderately thin skeletal structure. (Dex +4, Stealth+)
Your flesh is heat resistant. (rF+)
You are slightly more attuned to the shadows.
You are immune to clouds of flame.
You are clumsy. (Dex -2)
You passively map a small area around you.
You are resistant to electric shocks. (rElec)
Your spells are a little harder to cast, but a little more powerful.


Message History

* * * LOW HITPOINT WARNING * * *
The ice dragon barely misses you. The ice dragon closely misses you.
You barely miss the ice dragon. Your kick misses the ice dragon.
The ice dragon is almost dead.
You slice the ice dragon!!
You kill the ice dragon!
Trog accepts your kill. The ice dragon breathes frost at you.
The blast of cold hits you!
* * * LOW HITPOINT WARNING * * *
You hear a deafening roar!
You are too berserk!
You are no longer berserk.
Trog's vigour flows through your veins.
You are exhausted.
You feel yourself slow down.
You feel much better. The ice dragon breathes frost at you.
The blast of cold hits you!
You die...

...P.♣
♣♣.##.#####...#())...#
,,, .....♣
♣.....##......#♣♣♣._.#
#+#############'######
##### ▓........ #.♣♣
,, ▓≈≈P....., ≈*#♣.♣ *
▓≈≈≈tP..P, ≈ ♣.♣♣ ** ,
▓≈≈≈≈≈..≈ ≈ ♣♣.♣ , *
▓≈≈≈≈≈≈≈≈ ≈ ♣.♣♣ ,
▓≈≈≈≈≈≈≈t ♣@♣♣ ,
▓≈≈≈≈≈≈≈X * ♣..♣ * ≈ ≈
♣♣.♣* * ≈ ≈ ≈ ♣♣D ,, ≈
≈ * * Z♣* ** ≈ * .§ *
≈ ≈ * *, ≈§§ , ≈.§ ,
,, **


You could see an ice dragon and a swamp drake simulacrum.

Vanquished Creatures
  Rupert (D)
  Gastronok (D)
  Erolcha (D)
  2 ice dragons (D)
  Urug (D)
  A death drake (D)
  A spriggan druid (D)
  A lindwurm (D)
  A deep elf mage (D)
  2 black mambas (D)
  A spiny frog (D)
  A rime drake (D)
  A komodo dragon (D)
  2 tyrant leeches (D)
  A hornet (D)
  A snapping turtle (D)
  6 blink frogs (D)
  5 redbacks (D)
  A shadow (D)
  2 spriggans (D)
  2 hill giants (D)
  3 wandering mushrooms (D)
  A hydra simulacrum (D)
  A spatial vortex (D)
  A swamp drake (D)
  A black mamba simulacrum (D)
  A fire dragon simulacrum (D)
  A necrophage (D)
  A water elemental (D)
  A scorpion (D)
  An electric eel (D)
  A wizard (D)
  Jessica (D)
  A necromancer (D)
  A wolf simulacrum (D)
  3 humans (D)
  A kobold demonologist (D)
  A swamp drake simulacrum (D)
  An ooze (D)
  An orc (D)
  2 rats (D)
  A plant (D)
61 creatures vanquished.

Vanquished Creatures (collateral kills)
  2 dire elephants (D)
  2 hydras (D)
  4 death yaks (D)
  2 elephants (D)
  A spiny frog (D)
  2 blink frogs (D)
  3 orc warriors (D)
  3 two-headed ogres (D)
  3 orc priests (D)
  A jelly (D)
  An orc wizard (D)
  10 orcs (D)
34 creatures vanquished.

Vanquished Creatures (others)
  2 draconian scorchers (D)
  6 hellions (D)
  2 yaktaurs (D)
  2 fungi (D)
  4 plants (D)
16 creatures vanquished.

Grand Total: 111 creatures vanquished

Notes
Turn   | Place    | Note
-------+----------+-------------------------------------------
     0 | D        | dvd the Demonspawn Berserker began the quest for the Orb.
     0 | D        | Reached XP level 1. HP: 18/18 MP: 1/1
    12 | D        | Reached skill level 3 in Long Blades
    32 | D        | Killed a yaktaur
    87 | D        | Killed a hellion
    87 | D        | Killed a hellion
    87 | D        | Killed a hellion
    88 | D        | Killed a hellion
   111 | D        | Killed a hellion
   138 | D        | Killed a hellion
   160 | D        | Noticed Jessica
   167 | D        | Killed Jessica
   167 | D        | Reached ** piety under Trog
   167 | D        | Reached skill level 4 in Long Blades
   167 | D        | Gained mutation: You are slightly more attuned to the shadows. [demonic ancestry]
   167 | D        | Reached XP level 2. HP: 15/26 MP: 2/2
   167 | D        | Reached XP level 3. HP: 18/32 MP: 3/3
   266 | D        | Killed a white draconian scorcher
   298 | D        | Killed a white draconian scorcher
   374 | D        | Noticed a scorpion
   383 | D        | Reached skill level 5 in Fighting
   386 | D        | Killed a scorpion
   386 | D        | Reached skill level 5 in Long Blades
   386 | D        | Gained mutation: You have sharp toenails. [demonic ancestry]
   386 | D        | Reached XP level 4. HP: 40/40 MP: 4/4
   515 | D        | Gained mutation: Your spells are a little harder to cast, but a little more powerful. [potion of mutation]
   515 | D        | Gained mutation: You tend to lose your temper in combat. [potion of mutation]
   515 | D        | Gained mutation: You are resistant to electric shocks. (rElec) [potion of mutation]
   516 | D        | Lost mutation: You tend to lose your temper in combat. [potion of mutation]
   516 | D        | Gained mutation: You passively map a small area around you. [potion of mutation]
   516 | D        | Gained mutation: Your flesh is cold resistant. (rC+) [potion of mutation]
   521 | D        | Noticed a water elemental
   527 | D        | Killed a water elemental
   527 | D        | Reached *** piety under Trog
   527 | D        | Reached skill level 6 in Long Blades
   527 | D        | Gained mutation: Your flesh is heat resistant. (rF+) [demonic ancestry]
   527 | D        | Reached XP level 5. HP: 48/48 MP: 5/5
   614 | D        | Found a basalt altar of Yredelemnul.
   614 | D        | Found a shadowy altar of Dithmenos.
   614 | D        | Found a sacrificial altar of Ru.
   614 | D        | Noticed a necrophage
   619 | D        | Killed a necrophage
   619 | D        | Reached skill level 7 in Long Blades
   673 | D        | Found a hide-covered altar of Uskayaw.
   673 | D        | Found a roughly hewn altar of Beogh.
   673 | D        | Found an iron altar of Okawaru.
   673 | D        | Found a bloodstained altar of Trog.
   673 | D        | Noticed a human
   675 | D        | Noticed a human
   677 | D        | Killed a human
   677 | D        | Reached **** piety under Trog
   677 | D        | Reached skill level 1 in Short Blades
   677 | D        | Reached skill level 8 in Long Blades
   677 | D        | Reached skill level 5 in Dodging
   677 | D        | Gained mutation: You have a somewhat thin skeletal structure. (Dex +2, Stealth) [demonic ancestry]
   677 | D        | Reached XP level 6. HP: 58/58 MP: 6/6
   681 | D        | Killed a human
   681 | D        | Reached skill level 5 in Armour
   681 | D        | Reached XP level 7. HP: 64/64 MP: 7/7
   733 | D        | Found a radiant altar of Vehumet.
   733 | D        | Found a deep blue altar of Sif Muna.
   733 | D        | Found an ancient bone altar of Kikubaaqudgha.
   736 | D        | Reached skill level 9 in Long Blades
   749 | D        | Reached ***** piety under Trog
   803 | D        | Found a glowing silver altar of Zin.
   803 | D        | Found a glowing golden altar of the Shining One.
   803 | D        | Found a white marble altar of Elyvilon.
   806 | D        | Noticed a deep elf mage
   812 | D        | Killed a yaktaur
   816 | D        | Killed a deep elf mage
   816 | D        | Reached skill level 10 in Fighting
   833 | D        | Noticed a shadow
   844 | D        | Killed a shadow
   844 | D        | Reached skill level 10 in Long Blades
   911 | D        | Found a blossoming altar of Fedhas.
   911 | D        | Found a stormy altar of Qazlal.
   911 | D        | Found a snail-covered altar of Cheibriados.
   911 | D        | Found a burning altar of Makhleb.
   911 | D        | Found a shimmering altar of Xom.
   912 | D        | Found a hazy altar of Hepliaklqana.
   912 | D        | Found an opulent altar of Gozag.
   912 | D        | Found a sparkling altar of Nemelex Xobeh.
   912 | D        | Found a corrupted altar of Lugonu.
   912 | D        | Found a viscous altar of Jiyva.
   912 | D        | Noticed a spatial vortex
   928 | D        | Killed a spatial vortex
   928 | D        | Reached XP level 8. HP: 45/74 MP: 8/8
  1272 | D        | Received a gift from Trog
  1282 | D        | Received a gift from Trog
  1286 | D        | Found Xoumuun's Antique Weapon Shop.
  1352 | D        | Bought a crystal rapier for 234 gold pieces
  1352 | D        | Identified the +6 rapier "Umenwo" {freeze, rF+ MR+ Int+4 Dex-3} (You bought it in a shop in the Dungeon)
  1377 | D        | Noticed Erolcha
  1386 | D        | Reached skill level 1 in Stealth
  1388 | D        | Killed Erolcha
  1388 | D        | Reached ****** piety under Trog
  1388 | D        | Reached skill level 5 in Short Blades
  1388 | D        | Reached skill level 11 in Long Blades
  1388 | D        | Reached XP level 9. HP: 82/82 MP: 9/9
  1488 | D        | Received a gift from Trog
  1759 | D        | Noticed a wandering mushroom
  1765 | D        | Noticed a wandering mushroom
  1771 | D        | Noticed a wandering mushroom
  1934 | D        | Noticed a spiny frog
  1934 | D        | Noticed a komodo dragon
  1934 | D        | Noticed a spiny frog
  1937 | D        | Killed a spiny frog
  1937 | D        | Killed a spiny frog
  1940 | D        | Killed a komodo dragon
  1945 | D        | Noticed a rime drake
  1961 | D        | Killed a rime drake
  1961 | D        | Reached XP level 10. HP: 79/91 MP: 10/10
  2020 | D        | Received a gift from Trog
  2185 | D        | Received a gift from Trog
  2185 | D        | Reached skill level 12 in Long Blades
  2489 | D        | Noticed Rupert
  2500 | D        | Killed Rupert
  2500 | D        | Reached skill level 13 in Long Blades
  2500 | D        | Reached skill level 5 in Stealth
  2751 | D        | Noticed a death yak
  2752 | D        | Noticed a death yak
  2755 | D        | Noticed a death yak
  2758 | D        | Killed a death yak
  2758 | D        | Reached skill level 10 in Armour
  2759 | D        | Noticed a death yak
  2760 | D        | Killed a death yak
  2762 | D        | Killed a death yak
  2762 | D        | Gained mutation: You are immune to clouds of flame. [demonic ancestry]
  2762 | D        | Reached XP level 11. HP: 100/100 MP: 11/11
  2764 | D        | Reached skill level 1 in Throwing
  2769 | D        | Killed a death yak
  2769 | D        | Received a gift from Trog
  2829 | D        | Noticed an azure jelly
  2829 | D        | Noticed an azure jelly
  2861 | D        | Noticed an azure jelly
  2866 | D        | Noticed an azure jelly
  2889 | D        | Noticed a kraken
  2929 | D        | Noticed a dire elephant
  2929 | D        | Noticed a dire elephant
  2929 | D        | Noticed Gastronok
  2933 | D        | Killed a dire elephant
  2933 | D        | Reached skill level 14 in Long Blades
  2938 | D        | Killed Gastronok
  2953 | D        | Killed a dire elephant
  2956 | D        | Reached skill level 15 in Long Blades
  3260 | D        | Received a gift from Trog
  3326 | D        | Reached skill level 15 in Fighting
  3448 | D        | Noticed a lindwurm
  3455 | D        | Killed a lindwurm
  3712 | D        | Noticed Urug
  3725 | D        | Killed Urug
  3841 | D        | Received a gift from Trog
  3845 | D        | Noticed a seven-headed hydra
  3845 | D        | Noticed a four-headed hydra
  3855 | D        | Killed a five-headed hydra
  3857 | D        | Killed a seven-headed hydra
  3879 | D        | Noticed a death drake
  3881 | D        | Found a blossoming altar of Fedhas.
  3881 | D        | Noticed a spriggan druid
  3893 | D        | Killed a death drake
  4225 | D        | Killed a spriggan druid
  4225 | D        | Reached skill level 16 in Long Blades
  4225 | D        | Gained mutation: You have a moderately thin skeletal structure. (Dex +4, Stealth+) [demonic ancestry]
  4225 | D        | Reached XP level 12. HP: 85/110 MP: 12/12
  4227 | D        | Received a gift from Trog
  4652 | D        | Reached skill level 10 in Short Blades
  5393 | D        | Lost mutation: Your flesh is cold resistant. (rC+) [potion of mutation]
  5393 | D        | Gained mutation: You are clumsy. (Dex -2) [potion of mutation]
  5418 | D        | Received a gift from Trog
  5444 | D        | Noticed an ice dragon
  5445 | D        | Noticed an ice dragon
  5452 | D        | Killed an ice dragon
  5452 | D        | Noticed an ice dragon
  5461 | D        | Killed an ice dragon
  5461 | D        | HP: 6/166 [ice dragon/blast of cold (24)]
  5463 | D        | Killed from afar by an ice dragon

Skill      XL: |  1  2  3  4  5  6  7  8  9 10 11 12 |
---------------+-------------------------------------+-----
Long Blades    | 4 5 6 8 10 11 13 16 | 16.3
Dodging        | 2 3 5 6 7 8 |  8.3
Fighting       | 4 6 7 9 10 12 14 15 | 15.8
Armour         | 2 3 4 5 6 7 9 10 11 | 11.9
Short Blades   | 1 2 5 7 9 10 | 10.2
Stealth        | 2 4 5 6 7 |  7.4
Throwing       | 2 3 |  3.2

Action                   |  1- 3 |  4- 6 |  7- 9 | 10-12 || total
-------------------------+-------+-------+-------+-------++-------
Melee: Falchion          |    10 |       |       |       ||    10
       Dagger            |    11 |    15 |    35 |       ||    61
       Kick              |       |     5 |    30 |    42 ||    77
       Rapier            |       |       |    15 |    27 ||    42
       Great sword       |       |       |    21 |   113 ||   134
Throw: Tomahawk          |       |       |       |     9 ||     9
Invok: Berserk           |     2 |     3 |     3 |     7 ||    15
       Brothers in Arms  |       |       |     4 |     5 ||     9
       Burn Spellbooks   |       |       |     1 |       ||     1
       Trog's Hand       |       |       |     1 |     1 ||     2
  Use: Potion            |       |     3 |       |     6 ||     9
       Scroll            |       |       |       |     4 ||     4
 Stab: Sleeping          |       |       |     2 |     5 ||     7
  Eat: Chunk             |       |     3 |     8 |    16 ||    27
       Fruit             |       |       |     1 |       ||     1
       Royal jelly       |       |       |       |     2 ||     2
Armor: Scale mail        |     2 |     1 |     5 |    28 ||    36
       Skin              |       |       |       |     1 ||     1
Dodge: Dodged            |    11 |     1 |    34 |    53 ||    99
       Rpst.: Falchion   |     1 |       |       |       ||     1
       Great sword       |       |       |     1 |    10 ||    11
